Cogmind - Beta 15 @@@ ROGUE MODE // 2025.08.07 @ 21:28:31 Player: cupboard Result: Destroyed by Y-54 Guardian with Gatling Laser Performance ------------- Evolutions (4) 2000 Regions Visited (7) 1400 Robots Destroyed (44) 220 Value Destroyed (1457) 1457 Prototype IDs (2) 40 Alien Tech Used (0) 0 Bonus (700) 700 TOTAL SCORE: 5817 Bonus ------- Pacifist 200 Entered DSFs 500 Cogmind --------- Core Integrity 0/850 Matter 229/300 Energy 100/100 System Corruption 13% Temperature Cool (14) Movement Hovering (80) Location -6/Factory Parts ------- > --- POWER (2) -------- (None) > --- PROPULSION (5) --- Combat Airjet > --- UTILITY (5) ------ (None) > --- WEAPON (3) ------- (None) > --- INVENTORY (5) ---- Light Treads Medium Matter Pod (100) Focal Shield Authchip [Power] Peak State ------------ > --- POWER ------------ Light Nuclear Core Light Fission Core > --- PROPULSION ------- Improved Carbon-fiber Leg Improved Carbon-fiber Leg Improved Carbon-fiber Leg Improved Carbon-fiber Leg Improved Carbon-fiber Leg > --- UTILITY ---------- Improved Heat Sink High-capacity Storage Unit Targeting Computer Core Analyzer Recalibrator > --- WEAPON ----------- Ion Cannon Plasma Cannon Scythe > --- INVENTORY -------- Improved Deuterium Engine Angular Momentum Engine Light Treads Medium Treads Medium Treads Carbon-fiber Leg Improved Carbon-fiber Leg Improved Heat Sink Medium Matter Pod ECM Suite Focal Shield Authchip [Power] Lightning Gun Flak Gun Flak Gun Heavy Mace Heavy Flail Heavy Flail [Rating: 57] Favorites ----------- Power Heavy Ion Engine Engine Heavy Ion Engine Power Core Light Nuclear Core Propulsion Improved Carbon-fiber Leg Treads Light Treads Leg Improved Carbon-fiber Leg Hover Unit Combat Airjet Flight Unit Improved VTOL Module Utility Terrain Scanner Device Terrain Scanner Storage Small Storage Unit Processor Targeting Computer Weapon Scythe Energy Gun Medium Laser Energy Cannon Ion Cannon Ballistic Gun Assault Rifle Ballistic Cannon Assault Cannon Launcher Grenade Launcher Impact Weapon Flail Slashing Weapon Scythe Special Melee Weapon Datajack Build | -11 -10 -9 -9 -8 -7 -7 -6 ------- Run | Yrd Mat Mat Min Mat Fac DSF Fac Slots Evolved 8 | . . 2 . 2 2 . 2 Power 1 | . . . . . 1 . . Propulsion 3 | . . 2 . . . . 1 Utility 3 | . . . . 1 1 . 1 Weapon 1 | . . . . 1 . . . Parts Attached 67 | 8 2 4 2 20 2 11 18 Power 10 | 1 . 1 . 3 1 1 3 Engine 8 | 1 . 1 . 3 1 1 1 Core 2 | . . . . . . . 2 Reactor . | . . . . . . . . Propulsion 23 | 4 . 1 . 6 . 6 6 Treads 5 | 2 . . . . . . 3 Leg 16 | 2 . 1 . 5 . 6 2 Wheel . | . . . . . . . . Hover 1 | . . . . . . . 1 Flight 1 | . . . . 1 . . . Utility 10 | 1 1 1 . 2 1 2 2 Device 4 | . 1 . . 1 . . 2 Storage 3 | 1 . 1 . . . 1 . Processor 3 | . . . . 1 1 1 . Hackware . | . . . . . . . . Protection . | . . . . . . . . Artifact . | . . . . . . . . Weapon 24 | 2 1 1 2 9 . 2 7 Energy Gun 2 | 1 . . . . . . 1 Energy Cannon 2 | . . . . 1 . 1 . Ballistic Gun 5 | 1 . 1 1 . . . 2 Ballistic Cannon 6 | . . . 1 4 . 1 . Launcher 2 | . . . . 2 . . . Special Weapon . | . . . . . . . . Impact Weapon 4 | . . . . 1 . . 3 Slashing Weapon 2 | . . . . 1 . . 1 Piercing Weapon . | . . . . . . . . Special Melee Weapon 1 | . 1 . . . . . . Unidentified Prototypes 2 | . . 1 . 1 . . . Parts Lost 39 | . . 2 1 3 . 6 27 Power 5 | . . . . . . 1 4 Propulsion 16 | . . . 1 2 . 3 10 Utility 6 | . . . . . . 1 5 Weapon 12 | . . 2 . 1 . 1 8 Highest Loss Streak 25 | . . 1 1 2 . 3 25 To Critical Strikes 1 | . . . . . . . 1 Average Backups 8 | 3 5 7 6 8 9 12 10 Power 1 | 1 1 1 3 2 1 1 1 Propulsion 2 | 2 1 . . 2 3 4 2 Utility 3 | . 1 3 3 3 2 3 3 Weapon 2 | . 2 2 . . 2 3 2 Tool/Special . | . . . . . . . . Unused Backups 20 | . . 3 . 10 . 2 5 Power 5 | . . 1 . 4 . . . Propulsion 6 | . . . . 4 . 1 1 Utility 8 | . . 1 . 2 . 1 4 Weapon 1 | . . 1 . . . . . Tool/Special . | . . . . . . . . Average Slot Usage (%) 80 | . 94 65 75 85 98 91 70 Engine 9 | . 14 11 11 9 13 9 3 Leg 22 | . 28 12 22 26 30 28 20 Device 10 | . 8 11 11 11 15 9 6 Storage 8 | . 14 11 11 9 7 7 4 Processor 5 | . . . . 4 7 11 9 Energy Gun 2 | . 14 9 . . . . . Energy Cannon 1 | . . . . . . 1 7 Ballistic Gun 4 | . 9 9 11 3 . . 1 Ballistic Cannon 7 | . . . 9 13 15 12 . Slashing Weapon 3 | . . . . 3 7 6 3 Peak Build Rating 57 | 6 7 10 10 37 42 45 57 Average Rating 23 | 3 6 7 9 22 41 42 37 On Entrance 18 | . 6 6 8 9 37 42 36 Naked Turns . | . . . . . . . . Heaviest Build 76 | 13 14 17 19 37 46 76 74 Greatest Support 90 | 40 20 20 20 72 72 72 90 Greatest Overweight (x) 16 | . 1 1 1 1 . 1 16 Average Overweight (x) . | . . . . . . . . Largest Inventory Capacity 20 | 8 8 10 8 10 10 20 20 Average Capacity 11 | 7 8 8 8 9 10 16 17 Most Carried 18 | 5 8 8 7 10 10 15 18 Average Carried 8 | 4 5 7 6 8 9 12 10 Final Capacity 20 | 8 8 8 8 10 10 20 5 Final Carried 14 | 4 7 8 6 10 10 14 4 Class Distribution -------------------- 89% | Mutant 10% | Skirmisher Dominant Class ---------------- Mutant | -10/Materials Mutant | -9/Materials Mutant | -9/Mines Mutant | -8/Materials Mutant | -7/Factory Mutant | -7/DSF Mutant | -6/Factory Resources | -11 -10 -9 -9 -8 -7 -7 -6 ----------- Run | Yrd Mat Mat Min Mat Fac DSF Fac Matter Collected 1370 | 210 . 144 . 594 . 260 162 Remotely . | . . . . . . . . Salvage Created 1366 | . . 99 . 534 . 326 407 Parts 84 | . . 4 . 42 . 27 11 Haulers Intercepted 1 | . . . . 1 . . . Recyclers Shooed 1 | . . . . . . . 1 Parts Field Recycled . | . . . . . . . . Retrieved Matter . | . . . . . . . . Parts Self-Destructed . | . . . . . . . . Prevented . | . . . . . . . . Kills | -11 -10 -9 -9 -8 -7 -7 -6 ------- Run | Yrd Mat Mat Min Mat Fac DSF Fac Combat Hostiles Destroyed 41 | . . 4 . 16 . 13 8 Melee 16 | . . . . 10 . 3 3 Guns 8 | . . 4 . 1 . . 3 Cannons 15 | . . . . 5 . 10 . Classes Destroyed 12 | . . 2 . 4 . 4 2 Worker 1 | . . . . 1 . . . Hauler 1 | . . . . 1 . . . Watcher 1 | . . . . 1 . . . Swarmer 17 | . . 3 . 8 . 6 . Cutter 3 | . . . . . . 3 . Grunt 8 | . . . . 5 . . 3 Brawler 1 | . . . . . . . 1 Sentry 7 | . . 1 . 3 . . 3 Specialist 1 | . . . . . . 1 . Hunter 2 | . . . . . . 2 . Heavy 1 | . . . . . . 1 . Behemoth 1 | . . . . . . . 1 Best Kill Streak 7 | . . 3 . 5 . 7 5 Combat Bots Only 7 | . . 3 . 5 . 7 5 Max Kills in Single Turn 2 | . . 1 . 2 . 1 1 Gunslinging . | . . . . . . . . Exploded . | . . . . . . . . Melee 1 | . . . . 1 . 1 1 Uniques/NPCs Destroyed . | . . . . . . . . Combat | -11 -10 -9 -9 -8 -7 -7 -6 -------- Run | Yrd Mat Mat Min Mat Fac DSF Fac Hostile Shots Fired 780 | . 3 67 12 101 . 107 490 Missed 275 | . 1 20 2 35 . 25 192 Hits 505 | . 2 47 10 66 . 82 298 Melee 11 | . . . . . . 9 2 Projectile 494 | . 2 47 10 66 . 73 296 AOE 2 | . . . . . . . 2 Critical Strikes 8 | . . . . . . 4 4 Damage Taken 6153 | . 18 485 80 936 . 1395 3239 Core 1194 | . . 146 7 47 . 133 861 Absorbed by Shields . | . . . . . . . . Core Remaining (%) 86 | 100 100 . 61 91 . 81 . Volleys Fired 78 | . . 20 . 29 . 18 11 Largest 3 | . . 2 . 3 . 3 2 Hottest 160 | . . 73 . 130 . 160 140 Shots Fired 155 | . . 39 . 61 . 33 22 Gun 78 | . . 39 . 20 . . 19 Cannon 73 | . . . . 37 . 33 3 Launcher 4 | . . . . 4 . . . Special . | . . . . . . . . Kinetic 108 | . . 20 . 53 . 20 15 Thermal 39 | . . 19 . 4 . 13 3 Explosive 4 | . . . . 4 . . . Electromagnetic 4 | . . . . . . . 4 Robot Hit Streak 7 | . . 6 . 6 . 6 7 Robot Miss Streak 4 | . . 4 . 4 . 2 3 Penetration Max . | . . . . . . . . Secondary Targets 2 | . . 1 . . . . 1 Max Gunslinging Chain 1 | . . 1 . . . . 1 Shots Hit Robots 150 | . 3 23 . 51 . 28 45 Core Hits 81 | . . 6 . 28 . 16 31 Critical Kills . | . . . . . . . . Critical Parts Destroyed 3 | . . . . . . . 3 Critical Strikes 13 | . . 2 . 3 . 1 7 Burn 2 | . . 2 . . . . . Blast 2 | . . . . 1 . 1 . Smash 4 | . . . . . . . 4 Sever 5 | . . . . 2 . . 3 Melee Attacks 67 | . 3 . . 24 . 7 33 Impact 27 | . . . . 5 . . 22 Slashing 37 | . . . . 19 . 7 11 Piercing . | . . . . . . . . Sneak Attacks 2 | . 2 . . . . . . Combat Hostiles . | . . . . . . . . Follow-up Attacks 2 | . . . . . . . 2 Damage Inflicted 3701 | . . 345 . 1374 . 783 1199 Guns 890 | . . 344 . 145 . . 401 Cannons 1132 | . . . . 460 . 625 47 Explosions 207 | . . . . 207 . . . Melee 1468 | . . . . 562 . 158 748 Ramming 4 | . . 1 . . . . 3 Kinetic 1468 | . . 217 . 511 . 396 344 Thermal 497 | . . 127 . 94 . 229 47 Explosive 207 | . . . . 207 . . . Electromagnetic 57 | . . . . . . . 57 Impact 563 | . . . . 99 . . 464 Slashing 905 | . . . . 463 . 158 284 Piercing . | . . . . . . . . Highest Corruption 13 | . . . . . . . 13 Average Corruption 5 | . . . . . . . 5 Corruption Purged . | . . . . . . . . Corruption Blocked . | . . . . . . . . Effects 9 | . . . . . . . 9 Message Errors 1 | . . . . . . . 1 Matter Fused 4 | . . . . . . . 4 Energy Discharges 2 | . . . . . . . 2 Parts Rejected 1 | . . . . . . . 1 Data Loss (minor) 1 | . . . . . . . 1 Overload Shots . | . . . . . . . . Overflow Damage 127 | . . . . 12 . . 115 Projectiles . | . . . . . . . . Explosions . | . . . . . . . . Melee 127 | . . . . 12 . . 115 Knockbacks 10 | . . . . 4 . 5 1 Impact 1 | . . . . . . . 1 Kinetic 9 | . . . . 4 . 5 . Secondary . | . . . . . . . . Self-Inflicted Damage 33 | . . . . 32 . . 1 Shots 1 | . . . . 1 . . . Rammed 1 | . . . . . . . 1 Targets Rammed 2 | . . 1 . . . . 1 Kicked 1 | . . 1 . . . . . Crushed . | . . . . . . . . Highest Temperature 256 | . . 123 . 256 . . 56 Average Temperature 73 | . . 61 . 122 . . 22 Received Heat Transfer 1260 | . . 69 . 351 . . 840 Siege Activations . | . . . . . . . . Martial Activations . | . . . . . . . . Shielding Activations . | . . . . . . . . Robots Disrupted . | . . . . . . . . Combat Hostiles . | . . . . . . . . Robots Corrupted 2 | . . . . . . . 2 Combat Hostiles 2 | . . . . . . . 2 Parts Fried 1 | . . . . . . . 1 Impact Corruptions 3 | . . . . . . . 3 Robots Melted . | . . . . . . . . Combat Hostiles . | . . . . . . . . Parts Melted 5 | . . 4 . . . 1 . Heat Transferred 1203 | . . 518 . 148 . 450 87 Parts Sabotaged . | . . . . . . . . Parts Stolen . | . . . . . . . . Parts Stripped . | . . . . . . . . Power Chain Reactions . | . . . . . . . . Alert | -11 -10 -9 -9 -8 -7 -7 -6 ------- Run | Yrd Mat Mat Min Mat Fac DSF Fac Maximum Alert Level 1 | . . . . 1 . 1 . Low Security (%) 91 | 100 100 100 100 83 100 84 100 Level 1 8 | . . . . 16 . 15 . Level 2 . | . . . . . . . . Level 3 . | . . . . . . . . Level 4 . | . . . . . . . . Level 5 . | . . . . . . . . High Security . | . . . . . . . . Max Security . | . . . . . . . . Sterilizations 1 | . . . . . . 1 . Peak Influence 337 | . 4 88 17 255 91 337 176 Initial 176 | . . . 17 . 91 42 176 Average 57 | . . 16 6 61 79 135 69 Influence Increases 1264 | . 4 132 . 573 . 355 200 Destroy 0b10 Robot/C 820 | . . 80 . 320 . 260 160 Destroy 0b10 Robot/NC 15 | . . . . 15 . . . Destroy Leader 174 | . . 20 . 64 . 50 40 Successful Hack 13 | . 4 2 . 7 . . . Disable Machine 30 | . . 15 . 15 . . . Destroy Structure 32 | . . . . 32 . . . Lose Combat Pursuer 180 | . . 15 . 120 . 45 . Influence Decreases 1264 | . 4 86 46 372 140 79 537 Entered New Map 319 | . . . 29 . 110 19 161 Time Decay 675 | . 4 66 17 348 30 . 210 Lost Part 270 | . . 20 . 24 . 60 166 Squads Dispatched 7 | . . 1 . . . 2 4 Investigation . | . . . . . . . . Extermination 1 | . . . . . . . 1 Reinforcement 3 | . . 1 . . . 2 . Assault . | . . . . . . . . Garrison 3 | . . . . . . . 3 Intercept . | . . . . . . . . Searches Triggered . | . . . . . . . . Construction Impeded . | . . . . . . . . Haulers Reinforced . | . . . . . . . . Active Scanning Responses . | . . . . . . . . Cargo Convoy Interrupts . | . . . . . . . . Stealth | -11 -10 -9 -9 -8 -7 -7 -6 --------- Run | Yrd Mat Mat Min Mat Fac DSF Fac Distress Signals 3 | . 1 1 . 1 . . . Communications Jammed . | . . . . . . . . Distress Signals . | . . . . . . . . Times Spotted 73 | . 5 12 3 24 . 17 12 Peak Tracking Total 6 | . 5 6 3 5 . 6 6 Tactical Retreats 7 | . . 1 . 3 . 3 . Traps | -11 -10 -9 -9 -8 -7 -7 -6 ------- Run | Yrd Mat Mat Min Mat Fac DSF Fac Traps Triggered 6 | . 1 . . 1 . 2 2 Indirectly . | . . . . . . . . Trap Hack Attempts . | . . . . . . . . Triggered . | . . . . . . . . Disarmed . | . . . . . . . . Reprogrammed . | . . . . . . . . Reused . | . . . . . . . . Traps Extracted . | . . . . . . . . Installed . | . . . . . . . . Triggered . | . . . . . . . . Machines | -11 -10 -9 -9 -8 -7 -7 -6 ---------- Run | Yrd Mat Mat Min Mat Fac DSF Fac Machines Disabled 2 | . . 1 . 1 . . . Max in Single Turn 1 | . . 1 . 1 . . . Machines Repaired . | . . . . . . . . Machines Dismantled . | . . . . . . . . Machines Sabotaged . | . . . . . . . . Overloaded Fab Kills . | . . . . . . . . Hacking | -11 -10 -9 -9 -8 -7 -7 -6 --------- Run | Yrd Mat Mat Min Mat Fac DSF Fac Machines Accessed 10 | . 3 4 . 1 1 . 1 Terminals 6 | . 2 2 . 1 1 . . Fabricators . | . . . . . . . . Repair Stations 1 | . . . . . . . 1 Recycling Units 2 | . 1 1 . . . . . Scanalyzers 1 | . . 1 . . . . . Garrison Access . | . . . . . . . . Total Hacks 24 | . 8 10 . 4 1 . 1 Successful 15 | . 5 8 . 1 1 . . Failed 9 | . 3 2 . 3 . . 1 Catastrophic . | . . . . . . . . Database Lockouts . | . . . . . . . . Manual 4 | . . 4 . . . . . Terminals 13 | . 6 2 . 4 1 . . Fabricators . | . . . . . . . . Repair Stations 1 | . . . . . . . 1 Recycling Units 6 | . 2 4 . . . . . Scanalyzers 4 | . . 4 . . . . . Garrison Access . | . . . . . . . . Terminal Hacks 6 | . 4 . . 1 1 . . Record 3 | . 3 . . . . . . Open DSF 1 | . . . . . 1 . . Alert Level 1 | . 1 . . . . . . Assault Status 1 | . . . . 1 . . . Fabricator Hacks . | . . . . . . . . Repair Station Hacks . | . . . . . . . . Recycling Unit Hacks 5 | . 1 4 . . . . . Recycle Component 1 | . . 1 . . . . . Process 1 | . . 1 . . . . . Report Inventory 2 | . 1 1 . . . . . Retrieve Matter 1 | . . 1 . . . . . Scanalyzer 4 | . . 4 . . . . . Insert Component 2 | . . 2 . . . . . Analyze 2 | . . 2 . . . . . Garrison Access Hacks . | . . . . . . . . Unauthorized Hacks . | . . . . . . . . Terminals . | . . . . . . . . Fabricators . | . . . . . . . . Repair Stations . | . . . . . . . . Recycling Units . | . . . . . . . . Scanalyzers . | . . . . . . . . Garrison Access . | . . . . . . . . Data Cores Recovered . | . . . . . . . . Used . | . . . . . . . . Hacking Detections 6 | . 2 3 . 1 . . . Full Trace Events 1 | . 1 . . . . . . Feedback Events . | . . . . . . . . Feedback Blocked . | . . . . . . . . Robot Schematics Acquired . | . . . . . . . . Robots Built . | . . . . . . . . Authchips . | . . . . . . . . Time . | . . . . . . . . Total Robot Build Rating . | . . . . . . . . Part Schematics Acquired 1 | . . 1 . . . . . Parts Built . | . . . . . . . . Authchips . | . . . . . . . . Time . | . . . . . . . . Total Part Build Rating . | . . . . . . . . Parts Repaired . | . . . . . . . . Time . | . . . . . . . . Parts Recycled 1 | . . 1 . . . . . Recycled Matter 5 | . . 5 . . . . . Retrieved Matter 5 | . . 5 . . . . . Retrieved Components . | . . . . . . . . Parts Scanalyzed 2 | . . 2 . . . . . Part Schematics Acquired 1 | . . 1 . . . . . Parts Damaged . | . . . . . . . . Bothacking | -11 -10 -9 -9 -8 -7 -7 -6 ------------ Run | Yrd Mat Mat Min Mat Fac DSF Fac Used RIF Installer . | . . . . . . . . Robots Hacked 2 | . 2 . . . . . . Non-combat 2 | . 2 . . . . . . Combat . | . . . . . . . . Robot Hacks Applied 2 | . 2 . . . . . . parse_system 2 | . 2 . . . . . . Relay Couplers Released . | . . . . . . . . Fabnet Peak Effective % . | . . . . . . . . Robots Rewired . | . . . . . . . . Allies Hacked . | . . . . . . . . Hacks Repelled . | . . . . . . . . Allies | -11 -10 -9 -9 -8 -7 -7 -6 -------- Run | Yrd Mat Mat Min Mat Fac DSF Fac Total Allies . | . . . . . . . . Largest Group . | . . . . . . . . Highest-Rated Group . | . . . . . . . . Highest-Rated Ally . | . . . . . . . . Initial Warlord ECA Mod 9 | . . . . . . . 9 Total Orders . | . . . . . . . . Ally Attacks . | . . . . . . . . Total Damage . | . . . . . . . . Kills . | . . . . . . . . Allies Corrupted . | . . . . . . . . Allies Melted . | . . . . . . . . Intel | -11 -10 -9 -9 -8 -7 -7 -6 ------- Run | Yrd Mat Mat Min Mat Fac DSF Fac Active Infowar (turns) 2148 | . 144 575 68 1144 64 128 25 Terrain 2123 | . 144 575 68 1144 64 128 . ECM 25 | . . . . . . . 25 Robot Analysis Total . | . . . . . . . . Derelict Logs Recovered . | . . . . . . . . Drone Launches . | . . . . . . . . Drone Recoveries . | . . . . . . . . Exploration | -11 -10 -9 -9 -8 -7 -7 -6 ------------- Run | Yrd Mat Mat Min Mat Fac DSF Fac Turns Passed 3067 | 79 224 575 68 1144 64 401 512 Spaces Moved 1851 | 45 173 287 55 708 51 226 306 Core 53 | 15 . . . . . . 38 Treads 46 | 29 . . . . . . 17 Legs 1699 | 1 173 287 55 708 51 226 198 Wheels . | . . . . . . . . Hover 53 | . . . . . . . 53 Flight . | . . . . . . . . Fastest Speed 50 | 50 120 120 120 120 120 120 50 Average Speed 130 | 122 120 173 122 128 120 122 110 Slowest Speed 850 | 160 190 190 190 190 120 190 850 Overloaded Moves . | . . . . . . . . Propulsion Burnouts . | . . . . . . . . Robots Hopped . | . . . . . . . . Potential Cave-ins . | . . . . . . . . Cave-ins Triggered . | . . . . . . . . Exploration Rate (%) 29 | 4 27 23 20 56 2 93 11 Regions Visited 7 Branch Regions 1 Pre-discovered Areas . | . . . . . . . . Known Exits Taken 1 | . . . . . 1 . . Unknown Exits Taken 5 | 1 1 1 1 1 . . . Scrap Searched . | . . . . . . . . Spaces Dug . | . . . . . . . . Terrain Destroyed 28 | . . . . 28 . . . Melee . | . . . . . . . . Projectile . | . . . . . . . . AOE 28 | . . . . 28 . . . Terrain Rammed . | . . . . . . . . Walls Destroyed . | . . . . . . . . Machines Disabled . | . . . . . . . . Actions | -11 -10 -9 -9 -8 -7 -7 -6 --------- Run | Yrd Mat Mat Min Mat Fac DSF Fac Total 2276 | 68 187 328 56 862 54 310 411 Wait 70 | 6 2 3 . 16 . 23 20 Move 1844 | 44 172 286 54 707 50 225 306 Hop . | . . . . . . . . Pick Up 93 | 10 6 8 . 38 2 15 14 Fast Attach . | . . . . . . . . Attach 56 | 6 1 1 2 15 2 8 21 Detach 3 | . . . . 1 . 1 1 Swap 22 | 2 1 4 . 8 . 5 2 Drop 41 | . 2 5 . 24 . 6 4 Fire 78 | . . 20 . 29 . 18 11 Melee 65 | . 3 . . 24 . 7 31 Ram 1 | . . . . . . . 1 Kick 1 | . . 1 . . . . . Crush . | . . . . . . . . Escape Stasis 2 | . . . . . . 2 . Rewire . | . . . . . . . . Trap . | . . . . . . . . Miscellaneous . | . . . . . . . . Route ------- -11/Scrapyard -10/Materials -9/Materials -9/Mines -8/Materials -7/Factory -7/DSF -6/Factory History --------- Turn | Location | Event 6 | -11/Scrapyard | Discovered new exit (range 16) 80 | -11/Scrapyard | Entered Materials 298 | -10/Materials | Discovered new exit (range 5) 304 | -10/Materials | Entered another Materials area 304 | -9/Materials | Evolved 2 slots: Propulsion x2 327 | -9/Materials | Build established: Mutant 836 | -9/Materials | Discovered new exit (range 5) 879 | -9/Materials | Entered Mines 939 | -9/Mines | Discovered new exit (range 6) 947 | -9/Mines | Entered Materials 947 | -8/Materials | Evolved 2 slots: Utility x1, Weapon x1 2054 | -8/Materials | Discovered new exit (range 4) 2091 | -8/Materials | Entered Factory 2091 | -7/Factory | Evolved 2 slots: Power x1, Utility x1 2153 | -7/Factory | Identified exit to DSF 2155 | -7/Factory | Entered DSF 2186 | -7/DSF | Discovered new exit (range 15) 2200 | -7/DSF | Additional patrols routed to DSF 2322 | -7/DSF | Lost 3 parts (1p1n1u) 2508 | -7/DSF | Sterilization system engaged 2528 | -7/DSF | Ambient heat levels rising (+10) 2536 | -7/DSF | Destroyed 7 combat bots 2543 | -7/DSF | Ambient heat levels rising (+10) 2556 | -7/DSF | Entered Factory 2556 | -6/Factory | Evolved 2 slots: Propulsion x1, Utility x1 2820 | -6/Factory | Spotted B-75 Beast 2835 | -6/Factory | Garrison activated, responded to threat 2855 | -6/Factory | System corruption reached 10% 2892 | -6/Factory | Destroyed B-75 Beast 2955 | -6/Factory | Core integrity fell below 50% 2986 | -6/Factory | Core integrity fell below 20% 3011 | -6/Factory | Lost 25 parts (4p10n4u7w) 3068 | -6/Factory | Destroyed by Y-54 Guardian with Gatling Laser Last Messages --------------- 03025_ Acquired ECM Suite. 03029_ TF Node disabled. 03029_ Imp. Sensor Array tumbles out of TF Node. 03029_ Imp. Signal Interpreter tumbles out of TF Node. 03042_ P-60 Hacker suffers critical hit (Smash). 03042_ Destroyed Shock Rifle. 03042_ P-60 Hacker system corrupted by crushing effect. 03042_ P-60 Hacker knocked back. 03051_ Hvy. Flail destroyed. 03051_ ECM Suite destroyed. 03052_ ALERT: Cargo convoy en route, clear transfer corridor. 03053_ Triggered Shock Trap. 03053_ The floor emits a surge of raw power. 03053_ System corrupted (+1). 03055_ Pressure Siphon disabled. 03058_ System corrupted: Matter fused (-5). 03065_ K-01 Serf cleans the Scanalyzer. Map ----- +----------------------------------------------------+ | ?????????????????????????????????????????????????? | | ?????????????????????????????????????????????????? | | ?????????????????????????????????????????????????? | | ####?????????????????????????????????????????????? | | ?????????????????????????????????????????????? | | """"???????????????????????????????????????????? | | """"???????????????????????????????????????????? | | """"???????????????????????????????????????????? | | """"#??????????????????????????????????????????? | | """"#??????????????????????????????????????????? | | """"#?????????????? ???????????????????????????? | | """"#?????????????? #??????????????????????????? | | #?????????????? #??????????????????????????? | | ##+####?????????????# #??????????????????????????? | | ############+### ##?????????????????????????? | | ^ #?????????????????????????? | | ! ^ #?????????????????????????? | | ! #?????????????????????????? | | ########## #?????????????????????????? | | ## ###????????# """ #?????????????????????????? | | ?# #??????????# """ #?????????????????????????? | | ?# #??????????# %"" #?????????????????????????? | | ?# #??????????# """ #?????????????????????????? | | ?# #??????????# #?????##??????????????????? | | ?# #??????????# ###### ######?????????????? | | ?# #??????????#! p@Y ! #???????????? | | ?# #??????????# ####### "" #???????????? | | ## #??????????# #?????# "" """" #???????????? | | #??????????# #?????# "" """??????????????? | | #??????????# #?????#kS ""???????????????? | | ????? #?????# "" """??????????????? | | ?? #?????# "" ?????????????? | | #?????# "" ????????????? | | ############?????# ]]] ????????????? | | #????????????????# ]]] ????????????? | | #????????????????# ?? ]]] ?????????????? | | #### #????????????????# ???? ??????????????? | | #??? #?????????????????###?????????????????????? | | #?##/#####?????????????????????????????????????? | | #? ! ????????????????????????????????????? | | #? ????????????????????????????????????? | | # ???????????????????????????????????? | | # # ???????????????????????????????????? | | # # ??????????????????????????????????? | | #=# ??????????????????????????????????? | | "% ??????????????????????????????????? | | " "?????????????????????????????????? | | "% ?????????????????????????????????? | | % ????????????????????????????????? | | " ????????????????????????????????? | +----------------------------------------------------+ Best States ------------- Heat Dissipation 51 Energy Generation 29 Energy Capacity 490 Matter Stores 300 Matter Capacity 300 Sight Range 16 Terrain Scan Range 14 Terrain Scan Density 85 ECM Strength 1 Evasion (%) 55 Targeting Accuracy 5 Core Analysis 6 Recoil Reduction 3 Authchip Count 1 Item Schematics ----------------- Datajack | -9/Materials | Scanalyzed Robot Schematics ------------------ None Fabricated ------------ Nothing Repaired ---------- Nothing Alien Tech Used ----------------- None Achievements -------------- None Challenges ------------ None Game ------ Seed ExplosiveEtherialRedirector Manual? 0 Play Time 00:49:40 Cumulative 14.5 hours Start 2025.08.07 @ 20:39:21 End 2025.08.07 @ 21:28:31 Sessions 1 Manual Loads 0 Difficulty Rogue Special Mode None Game No. 14 Rogue 14 Adventurer 0 Explorer 0 Win Type - Total 0 Types 0/0/0/0/0/0/0/0/0/0 Lore% 8 Gallery% 18 Achievement% 16 Wizard Run 0 Options --------- Layout 1 ASCII 0 Keyboard 0 Movement Numpad Keybinds 0 Fullscreen 1 Font 32/SmallcapsGlow Map View 50x35 Zoom Use 0% Tactical HUD 1 Map Filters NONE Filters NONE Steam 1 RUN: 4a23e84e-9b02-485d-9d32-a10477d96a43